Map: Ice Cliffs

Players

Soundwave

  • Race: Zerg Zerg
  • League: Gold

Grunthor

  • Race: Zerg Zerg
  • League: Silver

Doctor

  • Race: Protoss Protoss

BlackMail

  • Race: Protoss Protoss

yukigunixxx

  • Race: Zerg Zerg

Nilius

  • Race: Protoss Protoss
  • League: Diamond

VOD

Have the link to the VOD?

Description

Time

  • Played on: Nov. 18, 2015, 6:19 a.m.
  • Length: 7:18
Show
View Real Time Build Order
Export as new Build Order

Soundwave Zerg 

Build Orders: Hatch First 

Get SALT Encoding   

  12  0:05  Drone  
  13  0:15  Drone  
  13  0:19  Extractor  
  13  0:21  Drone, Extractor  
  14  0:22  Drone  
  16  0:55  Hatchery  
  15  1:02  Spawning Pool  
  14  1:07  Extractor  
  14  1:08  Drone  
  14  1:10  Extractor  
  13  1:12  Drone  
  13  1:17  Overlord  
  16  1:27  Overlord  
  16  1:40  Drone  
  16  1:42  Drone  
  16  1:45  Extractor  
  17  1:51  Drone  
  18  2:02  Queen  
  18  2:04  Zergling x2  
  14  2:25  Drone x2  
  16  2:50  Queen  
  18  2:51  Drone x2  
  20  3:03  Zergling x4  
  20  3:04  Zergling x2  
  23  3:10  Drone  
  24  3:17  Drone x2  
  27  3:34  Drone x4  
  27  3:39  Metabolic Boost  
  30  3:48  Extractor  
  29  3:50  Drone x2  
  29  3:52  Drone  
  32  3:58  Overlord  
  32  4:13  Roach Warren  
  31  4:27  Overlord x2  
  31  4:30  Lair  
  31  4:37  Queen  
  33  4:41  Drone  
  33  4:44  Drone  
  35  4:47  Drone  
  36  4:58  Roach x2  
  40  5:21  Roach x6  
  48  5:38  Drone x3  
  48  5:39  Drone x4  
  55  5:47  Glial Reconstitution  
  55  5:54  Roach x2  
  55  5:55  Zergling x2  
  48  6:05  Roach  
  48  6:06  Roach x2  
  48  6:15  Roach  
  48  6:16  Roach x2  
  48  6:18  Zergling x2  
  42  6:33  Roach x3  
  46  6:42  Roach x3  
  47  7:00  Zergling x4  
  47  7:01  Zergling x4  
Show
View Real Time Build Order
Export as new Build Order

Grunthor Zerg 

Build Orders: Hatch First 

Get SALT Encoding   

  12  0:11  Drone  
  12  0:12  Drone  
  14  0:18  Overlord  
  14  0:39  Drone x2  
  16  0:57  Drone  
  16  0:58  Drone  
  16  1:03  Hatchery  
  17  1:04  Extractor  
  17  1:06  Drone  
  17  1:20  Spawning Pool  
  17  1:22  Drone  
  17  1:32  Drone  
  18  1:40  Drone  
  19  1:50  Overlord  
  19  2:07  Zergling x2  
  20  2:08  Queen  
  20  2:10  Zergling x2  
  23  2:25  Zergling x2  
  24  2:52  Drone  
  24  2:53  Drone  
  24  2:56  Extractor  
  24  2:57  Drone  
  24  2:58  Drone x2  
  28  2:59  Queen  
  30  3:10  Drone x2  
  32  3:23  Lair  
  32  3:27  Drone x2  
  32  3:31  Drone  
  32  3:32  Drone  
  32  3:33  Overlord x2  
  36  3:52  Zergling x4  
  36  3:53  Zergling x2  
  39  4:01  Extractor  
  38  4:03  Drone x3, Extractor  
  40  4:35  Spire  
  40  4:36  Drone  
  40  4:37  Drone x2  
  42  4:40  Drone  
  42  4:41  Drone x3  
  42  4:42  Drone  
  47  5:07  Metabolic Boost  
  47  5:12  Evolution Chamber  
  46  5:36  Overlord x2  
  46  5:37  Overlord  
  28  6:08  Zergling x4  
  28  6:09  Zergling x12  
  28  6:10  Zergling x12  
  28  6:11  Zergling x2  
  21  6:57  Zergling x4  
  21  6:58  Zergling x8  
Show
View Real Time Build Order
Export as new Build Order

Doctor Protoss 

Build Orders:  

Get SALT Encoding   

  12  0:03  Probe (Chrono Boost)  
  13  0:17  Assimilator  
  13  0:27  Pylon  
  13  0:29  Probe (Chrono Boost)  
  14  0:39  Probe (Chrono Boost)  
  16  0:50  Probe (Chrono Boost)  
  16  0:52  Gateway  
  16  0:58  Assimilator  
  16  1:00  Probe (Chrono Boost)  
  17  1:12  Forge  
  18  1:18  Probe (Chrono Boost)  
  18  1:29  Probe (Chrono Boost)  
  19  1:39  Probe (Chrono Boost)  
  20  1:44  Cybernetics Core  
  20  1:49  Pylon  
  20  1:51  Pylon  
  20  1:54  Zealot (Chrono Boost)  
  22  2:04  Probe  
  23  2:17  Probe  
  23  2:19  Photon Cannon  
  24  2:24  Zealot (Chrono Boost)  
  24  2:29  Probe  
  27  2:41  Stargate  
  27  3:10  Pylon  
  27  3:13  Pylon  
  27  3:25  Void Ray (Chrono Boost), Stargate  
  31  4:06  Void Ray (Chrono Boost)  
  35  4:18  Nexus  
  35  4:19  Protoss Air Weapons Level 1 (Chrono Boost)  
  35  4:21  Assimilator  
  35  4:27  Assimilator  
  31  4:55  Void Ray (Chrono Boost)  
  31  4:59  Void Ray (Chrono Boost)  
  35  5:28  Stalker (Chrono Boost)  
  37  5:37  Void Ray  
  41  5:55  Stalker (Chrono Boost)  
  31  6:07  Void Ray (Chrono Boost)  
  33  6:16  Pylon  
  11  6:42  Probe  
  11  6:43  Stargate  
  10  6:52  Probe  
  11  7:03  Probe  
Show
View Real Time Build Order
Export as new Build Order

BlackMail Protoss 

Build Orders:  

Get SALT Encoding   

  12  0:01  Probe (Chrono Boost)  
  13  0:12  Probe (Chrono Boost)  
  14  0:26  Pylon  
  14  0:27  Probe (Chrono Boost)  
  15  0:45  Gateway  
  15  0:47  Probe (Chrono Boost)  
  16  0:57  Assimilator  
  16  0:58  Probe (Chrono Boost)  
  17  1:06  Pylon  
  17  1:08  Probe (Chrono Boost)  
  18  1:18  Gateway  
  18  1:19  Probe (Chrono Boost)  
  19  1:29  Probe (Chrono Boost)  
  20  1:38  Zealot (Chrono Boost)  
  22  1:41  Cybernetics Core  
  22  1:49  Probe  
  23  1:59  Pylon  
  23  2:01  Probe  
  23  2:07  Zealot (Chrono Boost)  
  26  2:09  Zealot (Chrono Boost)  
  26  2:12  Warp Gate (Chrono Boost)  
  26  2:13  Probe  
  26  2:15  Assimilator  
  29  2:36  Probe  
  30  2:38  Robotics Facility  
  30  2:48  Probe  
  33  2:53  Zealot (Chrono Boost)  
  33  3:09  Pylon  
  33  3:18  Stalker (Chrono Boost)  
  39  3:27  Immortal (Chrono Boost)  
  39  3:48  Gateway  
  39  3:50  Gateway  
  41  3:58  Probe  
  41  4:02  Observer (Chrono Boost)  
  41  4:09  Pylon  
  41  4:11  Pylon  
  41  4:15  Stalker  
  43  4:22  Immortal (Chrono Boost)  
  47  4:28  Zealot  
  49  4:42  Pylon  
  53  5:00  Immortal (Chrono Boost)  
  53  5:01  Zealot x2  
  57  5:14  Pylon  
  57  5:34  Pylon  
  57  5:40  Stalker x4  
  61  6:18  Zealot x4  
  69  6:22  Pylon x2  
  69  6:24  Pylon  
  67  6:34  Immortal (Chrono Boost)  
  67  6:39  Zealot  
  69  6:41  Zealot  
  65  7:05  Stalker x2  
  65  7:07  Stalker  
Show
View Real Time Build Order
Export as new Build Order

yukigunixxx Zerg 

Build Orders: Pool First, Zergling Baneling 

Get SALT Encoding   

  12  0:21  Spawning Pool  
  11  0:23  Drone  
  11  0:27  Drone  
  13  0:36  Overlord  
  13  1:09  Zergling x4  
  13  1:10  Zergling x2  
  16  1:21  Zergling x2  
  16  1:24  Queen  
  19  1:37  Zergling x2  
  20  1:52  Spine Crawler  
  19  1:55  Spine Crawler  
  16  2:23  Spine Crawler  
  15  2:45  Drone x2  
  15  2:46  Drone  
  15  2:51  Spine Crawler  
  17  3:09  Hatchery  
  16  3:15  Extractor  
  16  3:18  Drone, Extractor  
  16  3:19  Drone x4  
  19  3:27  Queen  
  19  3:30  Overlord  
  21  3:47  Drone  
  22  3:49  Drone x3  
  25  3:59  Baneling Nest  
  25  4:17  Zergling x10  
  29  4:25  Spore Crawler  
  28  4:34  Drone x2  
  30  4:56  Baneling x5  
  30  4:57  Baneling x6  
  30  4:58  Baneling x3  
  30  5:05  Drone x2  
  32  5:08  Drone  
  32  5:43  Zergling x8  
  30  6:27  Baneling x2  
  30  6:28  Baneling x6  
  30  6:31  Drone x3  
  33  6:41  Spore Crawler  
Show
View Real Time Build Order
Export as new Build Order

Nilius Protoss 

Build Orders:  

Get SALT Encoding   

  12  0:02  Probe (Chrono Boost)  
  13  0:12  Probe (Chrono Boost)  
  14  0:21  Pylon  
  14  0:23  Probe (Chrono Boost)  
  15  0:39  Probe (Chrono Boost)  
  16  0:50  Probe (Chrono Boost)  
  16  0:51  Gateway  
  16  0:54  Assimilator  
  17  0:59  Assimilator  
  17  1:00  Probe (Chrono Boost)  
  18  1:11  Probe (Chrono Boost)  
  19  1:14  Pylon  
  19  1:21  Probe (Chrono Boost)  
  20  1:32  Probe (Chrono Boost)  
  21  1:39  Cybernetics Core  
  21  1:42  Probe (Chrono Boost)  
  21  1:44  Gateway  
  22  1:53  Probe (Chrono Boost)  
  23  1:58  Pylon  
  23  2:05  Gateway  
  23  2:13  Gateway  
  23  2:16  Warp Gate (Chrono Boost)  
  23  2:42  Pylon  
  23  3:10  Pylon  
  23  3:38  Pylon  
  23  3:54  Pylon  
  23  4:05  Stalker x4  
  31  4:25  Sentry  
  31  4:28  Sentry x2  
  31  4:29  Zealot  
  38  4:49  Stalker  
  38  4:51  Stalker, Zealot x2  
  46  5:10  Stalker  
  46  5:12  Stalker x2  
  50  5:14  Sentry  
  46  5:33  Pylon  
  46  5:50  Pylon  
  44  5:57  Pylon  
  44  6:15  Stalker x4  
  52  6:21  Pylon  
  52  6:36  Zealot  
  52  6:38  Stalker x2  
  52  6:39  Stalker  
  60  6:59  Stalker  
  62  7:09  Pylon  
  62  7:10  Pylon  
Tags
 
Add a new tag
Caveats
  • Supply blocks, unpowered buildings, or Contaminate may cause inaccurate times.
  • Supply counts are checked every 10 seconds.